 Dungeon Crawl Stone Soup version 0.29-a0-11-ga75d3d97ab (webtiles) character file.

Game seed: 265945532311866906

907 bjtr the Firebug (level 8, 0/79 HPs)
             Began as an Ogre Fire Elementalist on Jan 28, 2022.
             Was an Initiate of Vehumet.
             Slain by Edmund (17 damage)
             ... on level 5 of the Dungeon on Jan 29, 2022.
             The game lasted 00:25:25 (8103 turns).

bjtr the Firebug (Ogre Fire Elementalist)           Turns: 8103, Time: 00:25:29

Health: 0/79       AC:  4    Str: 13    XL:     8   Next: 8%
Magic:  1/15       EV: 10    Int: 18    God:    Vehumet [......]
Gold:   268        SH:  0    Dex:  9    Spells: 7/17 levels left

rFire   + . .      SeeInvis .   z - +1 giant spiked club
rCold   . . .      Faith    +   (shield currently unavailable)
rNeg    . . .      Spirit   .   a - +1 robe
rPois   .          Reflect  .   (helmet restricted)
rElec   .          Harm     .   (no cloak)
rCorr   .          Rampage  .   (gloves unavailable)
Will    .....                   (boots unavailable)
Stlth   +.........              d - amulet of faith
HPRegen 0.23/turn               y - ring of protection from fire
MPRegen 0.14/turn               u - ring of wizardry

@: no status effects
A: large, unfitting armour, tough skin 1
a: Renounce Religion


You were on level 5 of the Dungeon.
You worshipped Vehumet.
Vehumet was noncommittal.
You visited 2 branches of the dungeon, and saw 6 of its levels.

You collected 268 gold pieces.

Inventory:

Hand Weapons
 b - a +0 quarterstaff
 c - a +0 dagger
 e - a +0 short sword
 m - a +0 short sword
 r - a +0 vorpal falchion
 v - a +0 morningstar
 z - a +1 giant spiked club (weapon)
 A - a +0 spear of distortion
Missiles
 f - 140 stones
 j - 36 bolts
 k - 21 sling bullets
 l - 8 boomerangs (quivered)
Armour
 a - a +1 robe (worn)
Jewellery
 d - an amulet of faith (around neck)
 u - a ring of wizardry (right hand)
 w - a ring of flight
 y - a ring of protection from fire (left hand)
Scrolls
 p - a scroll of teleportation
 s - a scroll of enchant armour
 x - a scroll of fear
Potions
 g - a potion of flight
 h - 2 potions of attraction
 i - 2 potions of magic {unknown}
 n - a potion of brilliance {unknown}
 o - 2 potions of haste
 q - a potion of heal wounds
 t - a potion of curing


   Skills:
 * Level 4.3 Fighting
 + Level 2.5 Dodging
 - Level 1.4 Stealth
 + Level 5.1 Spellcasting
 + Level 1.7 Conjurations
 * Level 6.5 Fire Magic


You had 7 spell levels left.
You knew the following spells:

 Your Spells              Type           Power      Damage    Failure   Level
a - Foxfire               Conj/Fire      76%        2x1d7     1%          1
b - Scorch                Fire           56%        2d7       1%          2
c - Conjure Flame         Conj/Fire      19%        6-21      2%          3
d - Flame Wave            Conj/Fire      19%        2d6       10%         4

Your spell library contained the following spells:

 Spells                   Type           Power      Damage    Failure   Level
 Inner Flame              Hex/Fire       16%        N/A       4%          3
 Animate Skeleton         Necr           8%         N/A       5%          1
 Pain                     Necr           16%        1d4       5%          1
 Vampiric Draining        Necr           4%         2d6       16%         3
 Animate Armour           Summ/Erth      8%         N/A       45%         4
 Blade Hands              Tmut           2%         N/A       78%         5
 Iron Shot                Conj/Erth      3%         9d2       99%         6


Dungeon Overview and Level Annotations

Branches:
Dungeon (5/15)             Temple (1/1) D:4

Altars:
Ashenzari
Cheibriados
Dithmenos
Elyvilon
Fedhas
Gozag
Kikubaaqudgha
Makhleb
Nemelex Xobeh
Okawaru
Qazlal
Ru
Sif Muna
Trog
Uskayaw
Vehumet
Wu Jian
Xom
Yredelemnul
The Shining One

Annotations:
D:2 Sigmund
D:5 Edmund


Innate Abilities, Weirdness & Mutations

You are too large for most types of armour.
You have tough skin. (AC +1)


Message History

Edmund says, "A flail is better than a scythe, any day of the week!"
Edmund zaps a wand.
Your mind is blasted!
You see here a +0 spear of distortion.
A - a +0 spear of distortion
Casting: Scorch (safe; 1% risk of failure)
Confirm with . or Enter, or press ? or * to list all spells.
Flames lash Edmund.
Edmund is moderately wounded.
Edmund's fire resistance burns away.
Edmund zaps a wand.
Your mind is blasted!
Casting: Scorch (safe; 1% risk of failure)
Confirm with . or Enter, or press ? or * to list all spells.
Flames lash Edmund but do no damage.
Casting: Scorch (safe; 1% risk of failure)
Confirm with . or Enter, or press ? or * to list all spells.
Flames lash Edmund but do no damage.
Edmund hits you with a +7 flail of protection!
Casting: Scorch (safe; 1% risk of failure)
Confirm with . or Enter, or press ? or * to list all spells.
Flames lash Edmund.
Edmund is burned terribly!
Edmund is heavily wounded.
Edmund grinds his teeth, and then sighs.
Edmund hits you with a +7 flail of protection!
Casting: Scorch (safe; 1% risk of failure)
Confirm with . or Enter, or press ? or * to list all spells.
Flames lash Edmund.
Edmund is burned terribly!
Edmund is heavily wounded.
Edmund drinks a potion.
Edmund is healed!
You barely miss Edmund.
Edmund is heavily wounded.
Edmund barely misses you.
Edmund zaps a wand.
You struggle to resist.
You barely miss Edmund.
Edmund is heavily wounded.
Edmund hits you with a +7 flail of protection.
You hit Edmund but do no damage.
Edmund is heavily wounded.
Edmund hits you with a +7 flail of protection!
* * * LOW HITPOINT WARNING * * *
Edmund gestures with his flail.
Edmund hits you with a +7 flail of protection!
You die...

### .. #. #. #.
##### #. ##.##
#..?..##.#
#...####.# #.##.###
#....@@..###......#
#...####..........#
##### #.....#....#
#.....##.#.#####
#.....#.........
#.†.....##.#####
###.######.#
#........#
##########


You could see Edmund (combustible).

Vanquished Creatures
  A black bear (D:5)
  A necrophage (D:3)
  An ogre (D:4)
  A water moccasin skeleton (D:4)
  3 hounds
  4 orc priests
  A centaur skeleton (D:4)
  4 orc wizards
  Natasha (thrice) (D:3)
  An iguana (D:5)
  Ijyb (D:3)
  Robin (D:3)
  4 adders
  An ufetubus (D:5)
  4 worms
  7 orcs
  3 ball pythons
  3 bats
  8 endoplasms
  6 giant cockroaches
  13 hobgoblins
  4 jackals (D:4)
  6 kobolds
  3 quokkas
  3 frilled lizards
  10 goblins
  4 rats
101 creatures vanquished.

Vanquished Creatures (others)
  130 foxfires
130 creatures vanquished.

Grand Total: 231 creatures vanquished

Notes
Turn   | Place    | Note
-------+----------+-------------------------------------------
     0 | D:1      | bjtr the Ogre Fire Elementalist began the quest for the
                  | Orb.
     0 | D:1      | Reached XP level 1. HP: 16/16 MP: 3/3
   320 | D:1      | Found a faded altar of an unknown god.
   350 | D:1      | Reached skill level 1 in Conjurations
   395 | D:1      | Reached skill level 3 in Fire Magic
   549 | D:1      | Reached XP level 2. HP: 26/26 MP: 1/5
   552 | D:1      | Learned a level 2 spell: Scorch
   696 | D:1      | Reached skill level 1 in Fighting
   697 | D:1      | Found an ornate altar of the Wu Jian Council.
   981 | D:1      | Reached XP level 3. HP: 19/33 MP: 2/7
   985 | D:1      | Learned a level 3 spell: Conjure Flame
  1667 | D:1      | Upgraded the game from 0.29-a0-9-g022ca4c890 to
                  | 0.29-a0-11-ga75d3d97ab
  2579 | D:2      | Noticed Sigmund
  3451 | D:3      | Reached XP level 4. HP: 41/41 MP: 5/8
  3490 | D:3      | Noticed Natasha
  3493 | D:3      | Killed Natasha
  3495 | D:3      | Noticed Ijyb
  3881 | D:3      | Noticed a necrophage
  3896 | D:3      | Killed a necrophage
  3897 | D:3      | Reached skill level 4 in Fire Magic
  3897 | D:3      | Reached XP level 5. HP: 40/49 MP: 0/10
  3902 | D:3      | Learned a level 4 spell: Flame Wave
  4077 | D:3      | Noticed Natasha
  4082 | D:3      | Killed Natasha
  4226 | D:3      | Killed Ijyb
  4425 | D:3      | Reached XP level 6. HP: 59/59 MP: 6/11
  4568 | D:3      | Noticed Robin
  4592 | D:3      | Killed Robin
  4917 | D:3      | Noticed Natasha
  4923 | D:3      | Killed Natasha
  5073 | D:3      | Reached skill level 5 in Fire Magic
  5391 | D:4      | Reached XP level 7. HP: 26/67 MP: 0/13
  6356 | D:4      | Reached skill level 6 in Fire Magic
  6620 | D:4      | Found a staircase to the Ecumenical Temple.
  6631 | Temple   | Entered the Ecumenical Temple
  6706 | Temple   | Became a worshipper of Vehumet
  7222 | D:5      | Entered Level 5 of the Dungeon
  7962 | D:5      | Reached skill level 5 in Spellcasting
  7962 | D:5      | Reached XP level 8. HP: 78/78 MP: 10/15
  8091 | D:5      | Noticed Edmund
  8103 | D:5      | Slain by Edmund

Illustrated notes

Levels and vault maps discovered:
D:1:      sevenhm_arrival_forest_fort_large_2, layout_loops_corners,
          ebering_ecumenical_altar_petrified, amcnicky_mini_pool_small,
          corexii_corridor_pit, chequers_mini_garden, minmay_hexomino_r4
D:2:      layout_basic, minmay_misc_feat_rugged,
          corexii_item_surrounded_by_moat, uniq_sigmund
D:3:      layout_loops_corners, uniq_ijyb, uniq_natasha, uniq_robin
D:4:      layout_rooms, minmay_temple_entry_junction
D:5:      layout_loops_corners, kennysheep_cluttered_room, minmay_checkerbox,
          uniq_edmund, uniq_pikel
Temple:   regret_index_temple_chain_breaker

Skill      XL: |  1  2  3  4  5  6  7 |
---------------+----------------------+-----
Conjurations   | 1 |  1.7
Fire Magic     | 3 4 5 6 |  6.5
Fighting       | 1 2 3 4 |  4.3
Spellcasting   | 3 4 5 |  5.1
Dodging        | 2 |  2.5
Stealth        | |  1.4

Action                   |  1- 3 |  4- 6 |  7- 9 || total
-------------------------+-------+-------+-------++-------
Melee: Dagger            |    23 |    64 |       ||    87
       Falchion          |       |    13 |     1 ||    14
       Giant spiked club |       |       |    72 ||    72
Throw: Boomerang         |       |       |     3 ||     3
 Cast: Foxfire           |    31 |    10 |    32 ||    73
       Scorch            |    25 |    39 |    32 ||    96
Evoke: Wand              |       |     3 |     1 ||     4
  Use: Scroll            |     6 |     1 |     5 ||    12
       Potion            |     1 |       |       ||     1
 Stab: Sleeping          |     1 |       |       ||     1
Armor: Robe              |    17 |    31 |    36 ||    84
Dodge: Dodged            |    20 |    41 |    67 ||   128

Table legend: (Time is in decaauts)
 A = Elapsed time spent in this place.
 B = Non-inter-level travel time spent in this place.
 C = Inter-level travel time spent in this place.
 D = Time resting spent in this place.
 E = Time spent auto-exploring this place.
 F = Levels seen in this place.
 G = Mean time per level.
                   A        B        C        D        E       F      G
               +--------+--------+--------+--------+--------+-----+--------+
         Total |   8164 |   7955 |    209 |   3042 |   3740 |   6 | 1360.7 |
       Dungeon |   7993 |   7803 |    190 |   3042 |   3614 |   5 | 1598.6 |
        Temple |    170 |    151 |     19 |      0 |    126 |   1 |  170.0 |
               +--------+--------+--------+--------+--------+-----+--------+

Top non-repeatable levels by time:
     D:3: 2382 daAuts
     D:1: 2010 daAuts
     D:4: 1642 daAuts
     D:2: 1051 daAuts
     D:5: 907 daAuts
  Temple: 170 daAuts
